 Dungeon Crawl Stone Soup version 0.28.0 (webtiles) character file.

Game seed: 9594017865985715656

7 zeram the Ducker (level 1, 0/11 HPs)
             Began as a Spriggan Fighter on Feb 5, 2022.
             Slain by a kobold (2 damage)
             ... on level 1 of the Dungeon.
             The game lasted 00:00:37 (425 turns).

zeram the Ducker (Spriggan Fighter)                  Turns: 425, Time: 00:00:38

Health: 0/11       AC:  3    Str: 12    XL:     1   Next: 91%
Magic:  2/2        EV: 17    Int:  9    God:
Gold:   13         SH:  6    Dex: 14    Spells: 0/0 levels left

rFire   . . .      SeeInvis +   a - +0 rapier
rCold   . . .      Faith    .   c - +0 buckler
rNeg    . . .      Spirit   .   b - +0 robe
rPois   .          Reflect  .   (helmet restricted)
rElec   .          Harm     .   e - +0 cloak
rCorr   .          Rampage  .   (gloves unavailable)
Will    .....                   (boots unavailable)
Stlth   +.........              (no amulet)
HPRegen 0.03/turn               (no ring)
MPRegen 0.08/turn               (no ring)

@: very quick
A: very small, no large weapons, unfitting armour, see invisible, speed 3
a: no special abilities


You were on level 1 of the Dungeon.
You visited 1 branch of the dungeon, and saw 1 of its levels.

You collected 13 gold pieces.

Inventory:

Hand Weapons
 a - a +0 rapier (weapon)
Armour
 b - a +0 robe (worn)
 c - a +0 buckler (worn)
 e - a +0 cloak (worn)
Jewellery
 g - a ring of magical power
Scrolls
 f - a scroll of enchant armour {unknown}
Potions
 d - a potion of might


   Skills:
 - Level 2.4 Fighting
 + Level 2.3 Short Blades
 + Level 4.3 Dodging
 + Level 2.3 Shields


You couldn't memorise any spells.
You didn't know any spells.
Your spell library was empty.

Dungeon Overview and Level Annotations

Branches:
Dungeon (1/15)

Altars:


Innate Abilities, Weirdness & Mutations

You are very small and have problems with some larger weapons.
You are too small for most types of armour.
You have supernaturally acute eyesight. (SInv)
You cover ground extremely quickly. (Speed+++)


Message History

Found a stone staircase leading down.
The endoplasm quivers.
The endoplasm hits you but does no damage.
The endoplasm closely misses you. The kobold closely misses you.
You hit the endoplasm.
The endoplasm is almost dead.
The endoplasm closely misses you. You block the endoplasm's attack.
The kobold closely misses you.
There is an open door here.
You aren't carrying any items that you can evoke.
You hit the endoplasm.
The endoplasm is severely wounded.
The endoplasm freezes you.
You are frozen.
You hit the endoplasm.
You kill the endoplasm!
You barely miss the giant cockroach.
The giant cockroach completely misses you.
The giant cockroach bites you.
You are too injured to fight recklessly!
You are too injured to fight recklessly!
You are too injured to fight recklessly!
You hit the giant cockroach.
The giant cockroach is heavily wounded.
You block the giant cockroach's attack.
You puncture the giant cockroach!
You kill the giant cockroach!
The kobold barely misses you.
You closely miss the kobold. The kobold closely misses you.
You miss the kobold. The kobold closely misses you.
You barely miss the kobold. The kobold closely misses you.
You closely miss the kobold. The kobold closely misses you.
You closely miss the kobold.
The kobold hits you with a +0 short sword.
* * * LOW HITPOINT WARNING * * *
The kobold barely misses you.
You hit the kobold.
The kobold is severely wounded.
The kobold hits you with a +0 short sword.
You die...

# # ############
#.........## #.........##
#.........## ###########
#.........##
#....#....#######.........##
+....'...JK@....'.........'.
#....#....#######.........##
#....###### #.........##
##.#.# ############ #..... #
##.#.#. # ....... # #.#.# ##
# .> .. #


You could see an endoplasm and a kobold.

Vanquished Creatures
  An endoplasm (D:1)
  A giant cockroach (D:1)
  A goblin (D:1)
  A frilled lizard (D:1)
  2 kobolds (D:1)
  A rat (D:1)
7 creatures vanquished.

Notes
Turn   | Place    | Note
-------+----------+-------------------------------------------
     0 | D:1      | zeram the Spriggan Fighter began the quest for the Orb.
     0 | D:1      | Reached XP level 1. HP: 11/11 MP: 2/2
   425 | D:1      | Slain by a kobold

Illustrated notes

Levels and vault maps discovered:
D:1:      nicolae_arrival_washed_ashore, layout_basic, st_stairs_8

Action                   || total
-------------------------++-------
Melee: Rapier            ||    19
Armor: Robe              ||     1
Dodge: Dodged            ||    14
Block: Buckler           ||     2
